AoeStats
← Zumoshi

Arabia

507447881Analyzed
1v1 RM · 15d ago on Sep 18, 2026· 28m 12s· 2 players
Game mode
Random Map
Map size
Tiny (2 player)
Population
200
Speed
Normal
Resources
Standard
Victory
Conquest
Starting age
Dark Age
Ending age
Imperial Age
RankedLock teamsTeams togetherTeam positionsShared explorationLock speedFull tech treeHidden civsTurbo modeCheats
Victory
Defeat
🇮🇱 Shu · Israel
1099
+15
🇨🇭 Hindustanis · Switzerland
1085
-15
rarra
10:46 Feudal Age
9:30 Loom
11:57 Double-Bit Axe
11:56 Horse Collar
16:53 Padded Archer Armor
16:43 Fletching
17:20 Gold Mining
23:46 Castle Age
22:24 Stone Mining
23:58 Elite Skirmisher
26:24 Bow Saw
27:41 Leather Archer Armor
Zumoshi
7:03 Loom
9:35 Feudal Age
10:16 Double-Bit Axe
15:30 Fletching
18:46 Padded Archer Armor
18:52 Scale Barding Armor
24:16 Castle Age
23:10 Forging
24:33 Crossbowman
25:14 Bodkin Arrow
25:40 Chain Barding Armor
24:47 Light Cavalry
25:49 Bow Saw
25:25 Horse Collar
26:53 Husbandry
Connection lost

Rejoining the realm…

Still unreachable

The connection could not be restored.

Session expired

The server has moved on; the page needs a fresh start.